 Dungeon Crawl Stone Soup version 0.26.0-16-gc1dbca0489 (webtiles) character file.

Game seed: 6928272096733461615

53 EnegeticOcto the Skirmisher (level 3, -2/30 HPs)
             Began as a Vine Stalker Arcane Marksman on Jan 19, 2021.
             Slain by Crazy Yiuf
             ... wielding a +4 quarterstaff of chaos
              (4 damage)
             ... on level 2 of the Dungeon.
             The game lasted 00:01:31 (2081 turns).

EnegeticOcto the Skirmisher (VSAM)                  Turns: 2081, Time: 00:01:31

Health: -2/30      AC:  6    Str: 13    XL:     3   Next: 89%
Magic:  0/14       EV: 11    Int: 13    God:
Gold:   109        SH:  0    Dex: 20    Spells: 3/4 levels left

rFire    . . .     SeeInvis .   m - +1 long sword (holy)
rCold    . . .     Faith    .   (no shield)
rNeg     . . .     Spirit   +   r - +0 ring mail {rPois}
rPois    +         Reflect  .   (no helmet)
rElec    .         Harm     .   (no cloak)
rCorr    .         Rampage  .   o - +0 pair of gloves
Will     .....                  (no boots)
Stlth    ..........             (no amulet)
HPRegen  0.10/turn              n - ring of magical power
MPRegen  0.14/turn              q - +6 ring of dexterity

@: berserking, very quick
A: fangs 2, magic shield, antimagic bite, no potion heal 3
a: no special abilities


You were on level 2 of the Dungeon.
You visited 1 branch of the dungeon, and saw 2 of its levels.

You collected 109 gold pieces.

Inventory:

Hand Weapons
 a - a +0 hand crossbow
 m - a +1 long sword of holy wrath (weapon)
   (You found it on level 2 of the Dungeon)
Missiles
 d - 31 bolts
Armour
 b - a +0 ring mail
   (You found it on level 1 of the Dungeon)
 e - a +0 robe
 o - a +0 pair of gloves (worn)
   (You found it on level 2 of the Dungeon)
 r - a +0 ring mail of poison resistance (worn)
   (You found it on level 2 of the Dungeon)
Jewellery
 n - a ring of magical power (left hand)
   (You found it on level 2 of the Dungeon)
 q - a +6 ring of dexterity (right hand)
   (You found it on level 2 of the Dungeon)
Scrolls
 c - a scroll of fear {unknown}
 f - a scroll of enchant weapon {unknown}
 i - a scroll of random uselessness
 l - 2 scrolls of identify {unknown}
 p - 3 scrolls of amnesia {unknown}
Potions
 g - a potion of brilliance {unknown}
 h - a potion of attraction {unknown}
 j - a potion of curing {@q1 !q}


   Skills:
 + Level 3.3 Fighting
 - Level 1.7 Crossbows
 - Level 1.5 Dodging
 - Level 1.1 Spellcasting
 - Level 3.0 Hexes


You had 3 spell levels left.
You knew the following spells:

 Your Spells              Type           Power        Failure   Level
a - Corona                Hex            8%           19%         1

Your spell library contained the following spells:

 Spells                   Type           Power        Failure   Level
 Slow                     Hex            8%           26%         2
 Inner Flame              Hex/Fire       4%           69%         3
 Portal Projectile        Hex/Tloc       8%           69%         3
 Cause Fear               Hex            4%           87%         4
 Leda's Liquefaction      Hex/Erth       2%           97%         4


Dungeon Overview and Level Annotations

Branches:
Dungeon (2/15)

Altars:
The Shining One

Annotations:
D:2 Crazy Yiuf


Innate Abilities, Weirdness & Mutations

You have extremely sharp teeth.
When hurt, damage is shared between your health and your magic reserves.
Your bite disrupts and absorbs the magic of your enemies.
Potions cannot restore your health.


Message History

a +0 whip; a kobold corpse An adder comes into view.
The adder hisses angrily.
An adder is nearby!
An adder is nearby!
You closely miss the adder. Your bite misses the adder.
The adder completely misses you.
You riposte.
You hit the adder. You bite the adder, but do no damage.
The adder is lightly wounded.
The adder closely misses you.
You miss the adder.
The adder is lightly wounded.
The adder barely misses you. x2
You closely miss the adder.
The adder is lightly wounded.
The adder bites you. The adder bites you but does no damage.
You closely miss the adder. Your bite misses the adder.
The adder is lightly wounded.
The adder bites you.
You miss the adder. You bite the adder, but do no damage.
The adder is lightly wounded.
The adder bites you but does no damage. The adder barely misses you.
You closely miss the adder. You bite the adder. You drain its power.
You feel invigorated.
The adder is heavily wounded.
The adder bites you but does no damage. The adder barely misses you.
You hit the adder.
The adder is heavily wounded.
The adder barely misses you. The adder bites you but does no damage.
You miss the adder. You bite the adder, but do no damage.
The adder is heavily wounded.
The adder barely misses you. The adder bites you.
You are poisoned.
The adder poisons you!
You barely miss the adder.
The adder is heavily wounded.
You feel sick. The adder barely misses you.
You riposte.
You slash the adder!
You kill the adder!
No target in view!
No target in view!
No target in view!
No target in view!
No target in view!
No target in view!
You feel sick.
You feel sick.
You feel sick.
You feel sick.
You feel sick.
You feel sick.
You are no longer poisoned.
Crazy Yiuf shouts!
Could not explore, unopened runed door.
Could not explore, unopened runed door.
Could not explore, unopened runed door.
Press: ? - help, v - describe, . - travel
Here: Crazy Yiuf, wielding a +4 quarterstaff of chaos and wearing a +0 cloak (fire blocked by a runed translucent door)
The floor.
Unknown command.
Search for what [? for help]? .
There is a stone staircase leading down here.
You see here a glowing ring mail.
You start removing your armour.
You continue taking off your +0 ring mail. x4
You finish taking off your +0 ring mail.
You start putting on your armour.
You continue putting on your glowing ring mail. x5
You finish putting on your +0 ring mail of poison resistance.
You feel resistant to poison.
There is a stone staircase leading down here.
You open the door.
You feel agile.
q - a +6 ring of dexterity (right hand) Crazy Yiuf closely misses you.
There is an open translucent door here.
Your ring mail prevents you from hitting Crazy Yiuf.
Crazy Yiuf grits, "Cards eyeball King!"
Crazy Yiuf drinks a potion.
Crazy Yiuf seems to speed up.
Crazy Yiuf hits you with a +4 quarterstaff of chaos!
Crazy Yiuf freezes you.
You hit Crazy Yiuf. Your bite misses Crazy Yiuf.
Crazy Yiuf is moderately wounded.
Crazy Yiuf hits you with a +4 quarterstaff of chaos!
Crazy Yiuf closely misses you.
As you read the scroll labelled GADIPL MEGA, it crumbles to dust.
The dust glows luminous lavender!
It was a scroll of random uselessness.
Crazy Yiuf barely misses you.
Crazy Yiuf hits you with a +4 quarterstaff of chaos!
* * * LOW HITPOINT WARNING * * *
Crazy Yiuf burns you.
* * * LOW HITPOINT WARNING * * *
Okay, then.
It was a potion of curing.
That felt strangely inert.
Crazy Yiuf hits you with a +4 quarterstaff of chaos.
It was a potion of berserk rage.
A red film seems to cover your vision as you go berserk!
You feel yourself moving faster!
You feel mighty!
Crazy Yiuf laughs, "Hah sing-song snail!"
Crazy Yiuf hits you with a +4 quarterstaff of chaos.
You die...

######## #......# #.###### #.#
#### ######## #.# #)..###
##......###### #.#
#...'g####............. #.#
#...##@.#......#.###### #.# ####
###.#....##.# #. #.#
#########.## #. #.# #..#.####.
#.# ################.........
#.######.........#........######
#...........#.#....####รท..# #
#########.####.#.#### #...# ##
............##.#.# #...#####.


You could see Crazy Yiuf (fast).

Vanquished Creatures
  2 adders (D:2)
  An ooze (D:1)
  2 dart slugs (D:1)
  A giant cockroach (D:2)
  4 goblins (D:1)
  A hobgoblin (D:1)
  4 jackals (D:1)
  4 kobolds (D:2)
  A quokka (D:2)
  3 bats (D:1)
  2 frilled lizards (D:1)
  3 rats
28 creatures vanquished.

Notes
Turn   | Place    | Note
-------+----------+-------------------------------------------
     0 | D:1      | EnegeticOcto the Vine Stalker Arcane Marksman began the
                  | quest for the Orb.
     0 | D:1      | Reached XP level 1. HP: 9/9 MP: 3/3
   147 | D:1      | Reached skill level 1 in Fighting
   215 | D:1      | Reached XP level 2. HP: 15/15 MP: 4/4
   281 | D:1      | Reached skill level 2 in Fighting
   469 | D:1      | Reached XP level 3. HP: 17/19 MP: 5/5
  1271 | D:2      | Reached skill level 3 in Fighting
  1279 | D:2      | Found a runed translucent door.
  1280 | D:2      | Noticed Crazy Yiuf
  1361 | D:2      | Found a glowing golden altar of the Shining One.
  2078 | D:2      | HP: 1/20 [Crazy Yiuf/+4 quarterstaff of chaos (1)]
  2081 | D:2      | Slain by Crazy Yiuf

Illustrated notes

Levels and vault maps discovered:
D:1:      elethiomel_arrival_quiet, layout_basic
D:2:      layout_loops_ring, tso_altar, uniq_crazy_yiuf_cottage

Skill      XL: |  1  2  3 |
---------------+----------+-----
Fighting       | 1 2 3 |  3.3
Crossbows      | |  1.7
Dodging        | |  1.5
Spellcasting   | |  1.1
Hexes          | |  3.0

Action                   || total
-------------------------++-------
Melee: Long sword        ||    34
       Bite              ||    10
 Fire: Hand crossbow     ||    56
  Use: Potion            ||     2
       Scroll            ||     1
Armor: Ring mail         ||    25
Dodge: Dodged            ||    45
       Rpst.: Long sword ||     6
